[Event "CCC-IM 2022"]
[Site "Ballerup"]
[Date "2022.05.28"]
[Round "6.4"]
[White "Rostgaard, Tobias Valentin"]
[Black "Casper Yukun Liu"]
[Result "1-0"]
[ECO "C88"]
[WhiteElo "2339"]
[BlackElo "2218"]
[Annotator "TA"]
[PlyCount "161"]
[EventDate "2022.05.25"]
[EventType "tourn"]
[EventCountry "DEN"]
[SourceTitle "playchess.com"]
[Source "ChessBase"]
[SourceQuality "1"]
[TimeControl "5400+30"]

1. e4 e5 2. Nf3 Nc6 3. Bb5 a6 4. Ba4 Nf6 5. O-O b5 6. Bb3 Be7 7. Re1 O-O 8. a4 Bb7 9. Nc3 Na5 10. Ba2 b4 11. Nd5 Nxd5 {[%emt 0:07:31] C88: Closed Ruy Lopez: Anti-Marshall Systems.} (11... Re8 {feels hotter.} 12. d4 exd4 13. Qxd4 c5) 12. Bxd5 Bxd5 (12... c6 $5 13. Ba2 Qc7 $14) 13. exd5 d6 {[%emt 0:00:12] White is slightly better.} 14. d4 f6 15. Qd3 {[%emt 0:02:04] [#]} Qc8 $146 ({Predecessor:} 15... Qd7 16. Bd2 Rfb8 17. b3 c5 18. dxc6 Qxc6 19. Nh4 Qd5 20. Nf5 Bf8 21. Re4 Nc6 {1-0 (73) Wirths,C (1884)-Eckert,M (1878) Nordrheinwestfalen 2013}) 16. Bd2 Qb7 17. dxe5 (17. Rad1 $14) 17... dxe5 $15 18. c4 Rad8 (18... Rfd8 $5 ) 19. Nh4 c6 20. Nf5 $36 {[%emt 0:00:28][%mdl 2048] White is pushing.} cxd5 21. cxd5 Bc5 (21... Rf7 $11 {should be considered.}) 22. d6 $14 {[%emt 0:03:46] Threatens to win with Rac1.} g6 (22... Rfe8 $142) 23. Rac1 $1 $16 {[%emt 0:00:54] White is more active.} Bxd6 $2 (23... Bxf2+ $16 {is more resistant.} 24. Kxf2 gxf5) 24. Nxd6 $18 Qb6 25. Qd5+ Kg7 {[%emt 0:00:18] [#]} 26. Red1 $1 Rxd6 {[%emt 0:02:24] [#]} 27. Qxd6 Qxd6 {[%emt 0:00:02] [#]} 28. Bh6+ $1 {[%emt 0:00:16][%mdl 576] Skewer, Discovered Attack} Kxh6 29. Rxd6 {[%emt 0:00:05][%mdl 4096] Endgame KRR-KRN} Nb3 30. Rcc6 f5 31. h3 a5 32. Rd3 Nd4 33. Rc5 Rd8 {[%emt 0:00:10] [#]} 34. Kf1 {[%emt 0:01:12] Against Ne2} (34. Rxa5 Ne2+ 35. Kf1 Rxd3 $11) 34... e4 35. Re3 (35. Rd1 $18 Nb3 36. Rxd8 Nxc5 37. Rd5 Nxa4 38. b3 (38. Rxa5 Nxb2 39. Ke2 Kg5 $14)) 35... Ne6 $2 (35... f4 $14 36. Re1 (36. Rxe4 Nb3 $14) 36... Nb3) 36. Rxa5 Rd2 37. f3 Nd4 $2 (37... Rxb2 38. fxe4 f4) 38. fxe4 $2 (38. Rd5) 38... Rxb2 (38... f4 $142 39. Re1 Rxb2) 39. exf5 b3 {[%emt 0:00:55] aiming for ...Rb1+.} 40. Ra6 {[%emt 0:01:28] And now f6 would win.} ({Not} 40. f6 $2 Rb1+ 41. Kf2 b2 $19) 40... Nxf5 (40... Rc2) 41. Rd3 Rb1+ {[%emt 0:00:36] [#]} 42. Kf2 $1 b2 {[%emt 0:00:09][%cal Ob1f1] White must now prevent ...Rf1+!} 43. Rb6 Ra1 44. Rxb2 Rxa4 45. g4 Rf4+ (45... Nd4 46. Rb7 Ne6) 46. Rf3 Rxf3+ 47. Kxf3 {[%emt 0:00:04] KR-KN} Nh4+ 48. Ke4 g5 49. Rb6+ Kg7 50. Ke5 h6 51. Ke6 Ng2 52. Ke5 (52. Rb2 $142 Nh4 53. Rb6) 52... Nh4 $1 53. Rf6 {[%emt 0:01:45] Against Nf3+} Ng2 54. Kf5 {[%emt 0:01:13] Hoping for Rg6+.} Nh4+ 55. Ke6 Ng2 56. Ke7 $2 (56. Rf7+ $18 Kg6 57. Rf6+ Kg7 58. Rf3) 56... Nf4 $14 {[%emt 0:01:36] ( -> ...Nd5+)} 57. Rf7+ Kg6 $1 58. Kf8 Nxh3 59. Kg8 Nf4 60. Ra7 {[%emt 0:01:14] Ra6+ would kill now.} Kf6 $1 61. Ra6+ Ke5 62. Rxh6 Ke4 63. Rh1 Kf3 64. Kg7 Kxg4 65. Kh6 Nh3 66. Ra1 Kh4 67. Kg6 g4 68. Kf5 Nf2 69. Kf4 g3 70. Kf3 Kh3 71. Rg1 Kh4 72. Rxg3 Nd3 73. Rg4+ Kh3 $2 (73... Kh5 $14) 74. Re4 Kh2 75. Re3 Nc5 76. Kf2 Nd7 77. Re7 $2 (77. Re1 {mates} Kh3 78. Kf3 Kh4 79. Kf4 Kh3 80. Rd1 Nb6 81. Rd6 Nc8 82. Rc6) 77... Nf6 78. Re6 Ng4+ $1 79. Kf3 Kh3 80. Kf4 Kh4 $2 (80... Nh2 $14) 81. Rg6 {Weighted Error Value: White=0.68/Black=0.56} 1-0

[Event "CCC-IM 2022"]
[Site "Ballerup"]
[Date "2022.05.28"]
[Round "6.5"]
[White "Seegert, Kristian"]
[Black "Kenneskog, Theodor"]
[Result "0-1"]
[ECO "B90"]
[WhiteElo "2209"]
[BlackElo "2296"]
[Annotator "TA"]
[PlyCount "74"]
[EventDate "2022.05.25"]
[EventType "tourn"]
[EventCountry "DEN"]
[SourceTitle "playchess.com"]
[Source "ChessBase"]
[SourceQuality "1"]
[TimeControl "5400+30"]

1. e4 c5 2. Nf3 d6 3. d4 cxd4 4. Nxd4 Nf6 5. Nc3 a6 6. Be3 e5 7. Nf3 Be7 8. a4 O-O 9. Be2 Be6 10. O-O h6 11. a5 {[%emt 0:06:07] B92: Sicilian Najdorf: 6 Be2.} (11. Nd2) 11... Nbd7 {[%emt 0:00:09] [#]} (11... Nc6) (11... Nc6 $5 ) 12. Qd3 $146 ({Predecessor:} 12. Nd2 Qc7 13. Bf3 Rfc8 14. Qe2 Qc6 15. Rfd1 Bd8 16. Ra3 Nf8 17. Rc1 N8h7 18. h4 Ne8 19. Nd5 Bxd5 20. exd5 Qd7 {0-1 (49) Zhu,J (2462)-Keymer,V (2591) chess24.com INT 2021}) 12... Rc8 13. Nd2 {[%emt 0:02:06] The position is equal.} Nc5 14. Bxc5 Rxc5 15. Na4 Rc6 16. Nb6 Nd7 17. Nxd7 Qxd7 18. Bf3 Bg5 (18... Qc7 $5 19. c3 Rc5 $17) 19. Rfd1 Qc7 20. c3 Rc5 21. Nf1 Rd8 22. Ng3 (22. g3 $15) 22... Rxa5 {[%emt 0:01:18] Black is more active.} 23. Rxa5 Qxa5 24. Nf5 g6 25. h4 Bf6 26. Nxh6+ Kg7 27. Ng4 Bxh4 28. Ne3 (28. Qd2 $1 $15 Bxg4 29. Bxg4) 28... Qb6 29. Qe2 Qc5 30. Bg4 ({White should try} 30. g3 Bg5 31. Nd5) 30... Bb3 $36 {[%emt 0:01:27][%mdl 2048] Black is in control.} 31. Re1 Bg5 32. Nd5 (32. Bf3 $17) 32... f5 $19 33. Bxf5 {[%emt 0:01:05] And now Qg4 would win.} Bxd5 {[%emt 0:00:13] A strong pair of Bishops.} ({And not} 33... gxf5 34. Qh5 Bd2 35. Re2 $11) 34. Qg4 {[%emt 0:00:20] [#]} Kf6 {[%emt 0:00:40] aiming for ...Bf7.} 35. Bxg6 {[%emt 0:01:10] Hoping for Qf5+.} Kxg6 ({Black should play} 35... Be6 $19 36. Bf5 Qc8 37. Bxe6 Qxe6) 36. Re3 $2 (36. Qf5+ $11 Kh6 37. Qh3+ Kg7 38. Qg4) 36... Qc8 37. Qg3 Be6 {[%emt 0:00:41] Weighted Error Value: White=0.61/Black=0.24 (precise)} 0-1

[Event "CCC-IM 2022"]
[Site "Ballerup"]
[Date "2022.05.28"]
[Round "7.1"]
[White "Kistrup, Nicolai"]
[Black "Rostgaard, Tobias Valentin"]
[Result "1/2-1/2"]
[ECO "A40"]
[WhiteElo "2306"]
[BlackElo "2339"]
[Annotator "TA"]
[PlyCount "83"]
[EventDate "2022.05.25"]
[EventType "tourn"]
[EventCountry "DEN"]
[SourceTitle "playchess.com"]
[Source "ChessBase"]
[SourceQuality "1"]
[TimeControl "5400+30"]

1. d4 Nf6 2. c4 e6 3. g3 Bb4+ 4. Bd2 c5 5. Bxb4 cxb4 6. Bg2 O-O 7. Nf3 d6 8. O-O Nc6 9. a3 Bd7 {[%emt 0:02:04] [#] E11: Bogo-Indian.} 10. Re1 $146 ({Predecessor:} 10. axb4 Nxb4 11. Nc3 a5 12. e4 Qc7 13. e5 dxe5 14. Nxe5 Rfd8 15. Qe2 Be8 16. Rfd1 Qb6 17. c5 {1-0 (31) Mikhalevski,V (2565)-Paichadze,L (2565) Chess.com INT 2020}) 10... Qb6 11. e4 Rfd8 {[%emt 0:04:13] White is slightly better.} 12. axb4 Qxb4 13. Nbd2 e5 14. Qb3 (14. Re3 $14 {is more appropriate.} Qb6 15. c5 dxc5 16. d5 (16. dxe5 Ng4 $17)) 14... exd4 (14... Qxb3 $11 15. Nxb3 b6) 15. Qxb4 $14 Nxb4 16. Nxd4 Ng4 17. f4 Re8 18. Ra3 Bc6 19. Rea1 a6 20. Rb3 a5 21. Rba3 f5 (21... a4 $142) 22. Nxc6 ({Don't play} 22. exf5 $6 Bxg2 23. Kxg2 Ne3+ 24. Kf3 Nec2 25. Nxc2 Nxc2 $11) ({Much less strong is} 22. Rxa5 $6 Rxa5 23. Rxa5 fxe4 $14) 22... bxc6 23. Rxa5 Rxa5 24. Rxa5 Ne3 25. e5 ({Weaker is} 25. exf5 Nxg2 26. Kxg2 Re2+ 27. Kf3 Rxd2 $17) (25. Bh1 $16) 25... dxe5 $11 26. Rxe5 Rxe5 27. fxe5 {[%emt 0:00:03][%mdl 4096] Endgame KBN-KNN} Kf7 28. Nf3 (28. c5 $11) 28... Nxc4 $15 29. Nd4 g6 ({Better is} 29... Nxb2 $15 30. e6+ Kf6 31. Nxf5 g6) 30. Nxc6 $11 {[%emt 0:00:34] The position is equal.} Nxc6 31. Bd5+ $1 Ke7 32. Bxc4 Nxe5 {[%emt 0:00:11] KB-KN} 33. Be2 Kd6 34. Kf2 Kc5 35. h4 Kd4 36. b4 h6 37. b5 Kc5 38. Ke3 g5 39. hxg5 hxg5 40. g4 fxg4 41. Kf2 Nc6 42. bxc6 {[%emt 0:00:21] Weighted Error Value: White=0.11 (very precise) /Black=0.14 (very precise)} 1/2-1/2

[Event "CCC-IM 2022"]
[Site "Ballerup"]
[Date "2022.05.28"]
[Round "7.2"]
[White "Casper Yukun Liu"]
[Black "Ahlander, Bjorn"]
[Result "1-0"]
[ECO "E04"]
[WhiteElo "2218"]
[BlackElo "2375"]
[Annotator "TA"]
[PlyCount "62"]
[EventDate "2022.05.25"]
[EventType "tourn"]
[EventCountry "DEN"]
[SourceTitle "playchess.com"]
[Source "ChessBase"]
[SourceQuality "1"]
[TimeControl "5400+30"]

1. d4 Nf6 2. c4 e6 3. g3 d5 4. Bg2 dxc4 5. Nf3 Nc6 6. Qa4 Bb4+ 7. Bd2 Nd5 8. Bxb4 Ndxb4 9. O-O Rb8 10. Ne5 {[%emt 0:03:56] E04: Open Catalan: 5 Nf3.} ({Better is} 10. Nc3 $11) 10... Qxd4 $15 11. Nxc6 Nxc6 12. Na3 {[%emt 0:03:40] Black is slightly better.} Bd7 (12... Qxb2 $2 13. Rab1 Qd4 14. Rfd1 Qxd1+ 15. Rxd1 $18) 13. Rfd1 Qc5 {[%emt 0:01:36] [#]} 14. Nxc4 $146 {[%emt 0:16:31] [#]} (14. Qxc4 $15 Qxc4 15. Nxc4) ({Predecessor:} 14. Rac1 b5 15. Qc2 Rd8 16. Nb1 O-O 17. Nc3 a6 18. b3 Nd4 19. Qb2 b4 20. Ne4 c3 21. Qc2 Qb6 22. Qd3 Bb5 {0-1 (22) Bocharov,D (2528)-Sanikidze,T (2458) Chess.com INT 2020}) 14... Nd4 $1 $17 (14... b5 $6 15. Qa3 Qxa3 16. Nxa3 $11) 15. Nd6+ Qxd6 16. Qxa7 (16. Qxd4 $17 Qxd4 17. Rxd4) 16... c5 $19 (16... Nxe2+ 17. Kh1 O-O 18. Rxd6 cxd6 19. Qe3 $18 (19. Bxb7 e5 $18)) 17. e3 Nb5 18. Qa4 Qc7 19. Rac1 Nc3 20. Rxd7 Qxd7 ({Don't take} 20... Nxa4 21. Rxc7 O-O 22. b3 $18 (22. Rxb7 Rxb7 23. Bxb7 Rb8 $16) (22. Bxb7 Nxb2 23. R1xc5 Rfd8 $16)) 21. Qxd7+ Kxd7 22. Rxc3 {[%emt 0:00:08][%mdl 4096] Endgame KRR-KRB} b5 23. Rxc5 Rhc8 24. Rxc8 {[%emt 0:02:02] [#]} (24. Rg5) 24... Rxc8 {[%emt 0:00:43] KR-KB. Black is clearly winning.} ({Inferior is} 24... Kxc8 25. Kf1 $17) 25. Bf1 Rc1 26. Kg2 Kc6 27. Bd3 h6 {[%emt 0:03:47] Hoping for ...Ra1.} 28. Bh7 Ra1 29. a3 Ra2 30. Bg8 Rxb2 31. Bxf7 Kd7 {[%emt 0:01:13][%mdl 32768] White got outplayed after the opening.  Weighted Error Value: White=0.38/Black=0.02 (flawless) . Sensor Board Error (Ke4/e5)?} 1-0

[Event "CCC-IM 2022"]
[Site "Ballerup"]
[Date "2022.05.28"]
[Round "7.3"]
[White "Kenneskog, Theodor"]
[Black "Jacobsen, Mikkel Manosri"]
[Result "0-1"]
[ECO "B12"]
[WhiteElo "2296"]
[BlackElo "2251"]
[Annotator "TA"]
[PlyCount "74"]
[EventDate "2022.05.25"]
[EventType "tourn"]
[EventCountry "DEN"]
[SourceTitle "playchess.com"]
[Source "ChessBase"]
[SourceQuality "1"]
[TimeControl "5400+30"]

1. e4 c6 2. d4 d5 3. e5 Bf5 4. h4 h5 5. Bd3 Bxd3 6. Qxd3 {[%emt 0:00:05][%cal Oe5e6] B12: Caro-Kann: Advance Variation.} Qa5+ 7. Nd2 e6 8. Ngf3 {[%emt 0:00:08] The position is equal.} Nh6 9. O-O Nf5 10. Nb3 {[%emt 0:00:17] [#] The modern move.} Qa4 $146 ({Predecessor:} 10... Qa6 11. Qd1 c5 12. Bg5 cxd4 13. Nbxd4 Nxd4 14. Nxd4 Nc6 15. Nxc6 Qxc6 16. a4 Rc8 {1-0 (38) Adams,M (2698)-Salem,A (2690) Malmo 2022}) 11. Bg5 Nd7 12. c3 c5 {[%emt 0:08:59] Strongly threatening ...c4.} 13. dxc5 Bxc5 14. Rfe1 O-O ({Black should try} 14... Rc8 $11) 15. Nfd4 $14 Bxd4 16. Nxd4 Nxd4 17. cxd4 Rfc8 18. b3 Qb4 19. Bd2 (19. Re3 $16) 19... Qe7 20. g3 Nb8 21. Bg5 Qb4 22. Qf3 (22. Red1 $142) 22... Qxd4 {[%emt 0:07:33] aiming for ...Rc3.} 23. Qxh5 Rc2 24. Be3 Qc3 25. Qg4 $1 Nc6 (25... Qxe5 $2 26. Bd4 Qxd4 27. Qxd4 $18) (25... Nd7 $15 26. Bh6 g6) 26. Bh6 $1 $11 g6 $132 {[%emt 0:01:26][%mdl 2048] Black puts up resistance} 27. Qf4 {[%emt 0:06:15] White wants to mate with Qf6.} Nd4 {[%emt 0:03:37] White must now prevent ...Ne2+.} 28. Rad1 $2 {[%emt 0:07:57][%mdl 8192] [#]} (28. Kg2 $1 $11) 28... Ne2+ $1 $19 ({Don't play} 28... Nf3+ 29. Kf1 Nh2+ 30. Kg2 $18) 29. Rxe2 Rxe2 30. Rd4 {[%emt 0:01:37][%cal Of4f6] Hoping for Qf6!} Qc7 (30... Rxa2 $2 {[#]} 31. Qf6 $1 Qe1+ 32. Kg2 Rxf2+ 33. Qxf2 Qxe5 34. Rf4 $18) 31. Qf3 (31. Kf1 {was called for.} Qxe5 32. Qxe5 Rxe5 33. Be3) 31... Qxe5 {[%emt 0:02:12] ...Re1+ is the strong threat.} 32. Be3 Re1+ 33. Kh2 Rc8 {[%emt 0:04:13] Black is clearly winning.} 34. Rf4 f5 35. h5 Rc2 {[%emt 0:14:16][%csl LRa2,LRe3] Threatens to win with ...Rxe3.} 36. Bxa7 Qe2 37. Qg2 Rcc1 {[%emt 0:00:35] Weighted Error Value: White=0.70/Black=0.21 (precise)} 0-1

[Event "CCC-IM 2022"]
[Site "Ballerup"]
[Date "2022.05.28"]
[Round "7.4"]
[White "Brynell, Stellan"]
[Black "Seegert, Kristian"]
[Result "1-0"]
[ECO "A88"]
[WhiteElo "2401"]
[BlackElo "2209"]
[Annotator "TA"]
[PlyCount "51"]
[EventDate "2022.05.25"]
[EventType "tourn"]
[EventCountry "DEN"]
[SourceTitle "playchess.com"]
[Source "ChessBase"]
[SourceQuality "1"]
[TimeControl "5400+30"]

1. d4 f5 2. g3 Nf6 3. Bg2 g6 4. Nf3 Bg7 5. c4 O-O 6. Nc3 d6 7. O-O c6 8. d5 Bd7 9. e4 fxe4 10. Ng5 {[%emt 0:00:18] [#]} e3 $146 {[%emt 0:02:49] A88: Dutch Defence: Leningrad System: 5 Nf3 0-0 6 0-0 d6 7 Nc3 c6.} (10... Bg4 $11 {keeps the balance.} 11. Qd2 Bf5) ({Predecessor:} 10... cxd5 11. cxd5 Na6 12. Ncxe4 Rc8 13. Be3 b6 14. Nc3 Nc5 15. Qe2 Bg4 16. f3 Bf5 17. Rad1 Qe8 18. Rfe1 {1-0 (26) Cordova,E (2585)-Rodriguez Vila,A (2463) Merida 2019}) 11. Bxe3 $16 {[%emt 0:02:22] And now c5 would win.} Ng4 (11... Na6 $142) 12. Bd4 {[%emt 0:13:55] White is more active.} e5 (12... h6 $16) 13. dxe6 $18 Qxg5 14. exd7 {[%emt 0:05:22] [#] Threatens to win with Bxg7. Dancing on a razor blade.} Nxd7 (14... Bxd4 {is a better defense.} 15. Qxd4 Nxd7) 15. Bxg7 Kxg7 16. Ne4 (16. Qxd6 $6 Ngf6 17. Rae1 Rf7 $18) 16... Qh5 17. h3 Nge5 18. Qxh5 ({Don't take} 18. Nxd6 $6 Nf3+ 19. Bxf3 Qxf3 20. Qd4+ (20. Nxb7 Ne5 $18) 20... Qf6 21. Qxf6+ Nxf6 $18) 18... gxh5 19. Nxd6 a5 20. Rfe1 ({Don't play} 20. Nxb7 Ra7 $18) 20... Kf6 (20... h4 $142 21. f4 (21. Nxb7 Rab8 $18) (21. gxh4 b6 $18) 21... Ng6) 21. Ne4+ Kg7 22. Rad1 Nb6 23. b3 Ng6 24. Nc5 Rf7 25. Ne6+ Kf6 26. Nd8 {[%emt 0:02:40] Black did not feel at home in the position after the opening.  Weighted Error Value: White=0.08 (flawless) /Black=0.47} 1-0

[Event "CCC-IM 2022"]
[Site "Ballerup"]
[Date "2022.05.28"]
[Round "7.5"]
[White "Sahl, Bjarke"]
[Black "Nielsen, Thomas Bach"]
[Result "1-0"]
[ECO "B11"]
[WhiteElo "2312"]
[BlackElo "2189"]
[Annotator "TA"]
[PlyCount "115"]
[EventDate "2022.05.25"]
[EventType "tourn"]
[EventCountry "DEN"]
[SourceTitle "playchess.com"]
[Source "ChessBase"]
[SourceQuality "1"]
[TimeControl "5400+30"]

1. e4 c6 2. Nf3 d5 3. Nc3 Bg4 4. h3 Bxf3 5. Qxf3 e6 6. d3 Nd7 7. a3 Qb6 {[%emt 0:05:33] 7...g6 is setting a new trend. B11: Caro-Kann: Two Knights Variation.} 8. g3 (8. Be2 {with more complications.} Bd6 9. O-O Ngf6 10. Rd1) 8... Ngf6 9. Bg2 {[%emt 0:00:27] [#]} dxe4 $146 {[%emt 0:00:11] The position is equal.} ({Predecessor:} 9... d4 10. Nb1 Bd6 11. Nd2 O-O 12. O-O Qc7 13. Qe2 b5 14. f4 e5 15. f5 c5 {½-½ (33) Andriasian,Z (2533)-Piorun,K (2445) Warsaw 2008}) 10. Nxe4 Nxe4 11. Qxe4 Qa5+ 12. Bd2 Qd5 13. O-O Qxe4 14. Bxe4 Be7 15. b4 a6 16. a4 Nf6 17. Bf3 Kd7 18. Rfb1 Rhc8 19. a5 Ne8 20. d4 Nd6 21. c3 f5 22. h4 g5 23. hxg5 Rg8 24. Kg2 Bxg5 25. Bxg5 Rxg5 26. Rh1 Rh8 27. Rh4 Nc4 28. Rd1 {[%emt 0:03:51][%cal Od4d5] Threatens to win with d5!} Ke7 29. Be2 Nd6 30. Rdh1 {[%emt 0:00:45] White is more active.} Rg7 31. Bd3 Kf6 32. Kf1 Nf7 33. Ke2 e5 (33... h6 $16) 34. dxe5+ $18 Nxe5 35. Rh6+ Ng6 36. R1h5 Re7+ 37. Kf1 Rd8 38. Bxf5 Rd1+ 39. Kg2 Rd2 (39... Rc1 $16 40. Bh3 Rg7) 40. Bxg6 ({Better is} 40. Bg4 $18) 40... hxg6 {[%emt 0:00:04][%mdl 4096] Endgame KRR-KRR} 41. Rh4 {[%emt 0:00:11] Black must now prevent Rh7.} Rd3 {[%emt 0:01:14] Loses the game.} (41... Ree2 $16) 42. Rg4 Rg7 43. Rc4 Kg5 (43... Re7 $16 {is a better defense.} 44. Rg4 Rg7) 44. Rhh4 Rd5 45. Rhd4 Rgd7 (45... Kf5 $142 46. Rf4+ Kg5 47. Rg4+ Kf6 48. Rcf4+ Ke7 49. Re4+ Kd7) 46. Kf3 Rf5+ 47. Ke3 Re7+ 48. Re4 Rxe4+ (48... Ref7 49. Rg4+ Kf6) 49. Rxe4 {[%emt 0:00:05] KR-KR} c5 50. Rc4 cxb4 51. cxb4 {[%emt 0:00:06][%cal Bc3b4,Bb4c5][%mdl 32] Hoping for Rc5.} ({Less strong is} 51. Rxb4 Rf7 52. Kd4 Rc7 $16) 51... Rb5 {[%emt 0:01:17] [#]} (51... Kh6 $18 52. Rc5 Rf7) 52. Rc5+ $1 {[%emt 0:00:29] White mates.} Rxc5 53. bxc5 {[%emt 0:00:05] KP-KP} Kf5 54. Kd4 Kg4 55. Ke5 Kf3 56. Kf6 Kxf2 {[%emt 0:00:01] [#]} 57. g4 $1 Kf3 58. g5 {[%emt 0:00:04] Weighted Error Value: White=0.13 (very precise) /Black=0.34} 1-0

[Event "CCC-IM 2022"]
[Site "Ballerup"]
[Date "2022.05.29"]
[Round "8.1"]
[White "Jacobsen, Mikkel Manosri"]
[Black "Haubro, Martin"]
[Result "*"]
[ECO "A46"]
[WhiteElo "2251"]
[BlackElo "2428"]
[Annotator "TA"]
[PlyCount "41"]
[EventDate "2022.05.25"]
[EventType "tourn"]
[EventCountry "DEN"]
[SourceTitle "playchess.com"]
[Source "ChessBase"]
[SourceQuality "1"]
[TimeControl "5400+30"]

1. d4 Nf6 2. Nf3 d5 3. c4 e6 4. e3 c5 5. Nc3 a6 6. cxd5 exd5 7. Be2 Nc6 8. O-O Bd6 9. dxc5 Bxc5 10. b3 O-O 11. Bb2 Bf5 {[%emt 0:01:24] D32: Tarrasch Defence: Sidelines and lines without g3.} 12. Rc1 Qd6 13. Na4 Ba7 14. Nd4 Bd7 {[%emt 0:12:27] [#] Black took control after the opening.  Weighted Error Value: White=0.05 (flawless) /Black=0.13 (very precise)} {Predecessor:} 15. Nc2 $146 Rfe8 16. Ba3 Qe5 17. Bf3 Rad8 18. Bb2 Qg5 19. Nc3 Ne5 20. Ne1 Bh3 21. Be2 {0-1 (29) Kampmann,L (2160)-Blodig,S (2080) Bayern 2000} *

[Event "CCC-IM 2022"]
[Site "Ballerup"]
[Date "2022.05.29"]
[Round "8.1"]
[White "Jacobsen, Mikkel Manosri"]
[Black "Brynell, Stellan"]
[Result "1/2-1/2"]
[ECO "A46"]
[WhiteElo "2251"]
[BlackElo "2401"]
[Annotator "TA"]
[PlyCount "69"]
[EventDate "2022.05.25"]
[EventType "tourn"]
[EventCountry "DEN"]
[SourceTitle "playchess.com"]
[Source "ChessBase"]
[SourceQuality "1"]
[TimeControl "5400+30"]

1. d4 Nf6 2. Nf3 d5 3. c4 e6 4. e3 c5 5. Nc3 a6 6. cxd5 exd5 7. Be2 Nc6 8. O-O Bd6 9. dxc5 Bxc5 10. b3 O-O 11. Bb2 Bf5 {[%emt 0:01:24] D32: Tarrasch Defence: Sidelines and lines without g3.} 12. Rc1 {[%emt 0:05:13][%cal Oc3d5] With the idea Nxd5!} Qd6 13. Na4 Ba7 14. Nd4 Bd7 15. Nxc6 Bxc6 {[%emt 0:00:11] [#]} 16. Bd4 $146 ({Predecessor:} 16. Bf3 Rad8 17. Bd4 Bb8 18. g3 Ne4 19. Bg2 Qh6 20. Nc5 Rfe8 21. Qc2 Bd6 22. Rfd1 {½-½ (29) Clarke,P-Bhend,E Berlin West 1965}) 16... Bxa4 17. bxa4 Bxd4 18. Qxd4 Rac8 19. Qb2 Qd7 20. g3 h6 21. a5 $1 Rxc1 (21... Ne4 {looks sharper.} 22. Kg2 Rxc1 23. Rxc1 Rc8) 22. Rxc1 Rc8 23. Rb1 Rc7 24. Qe5 Qc8 25. Bf3 Rc1+ 26. Rxc1 Qxc1+ $11 {[%emt 0:00:07][%mdl 4096] Endgame KQB-KQN} 27. Kg2 {[%emt 0:00:07] [#] Black must now prevent Qb8+. The position is equal.} Qc6 28. h4 g6 29. g4 Ne4 30. Bxe4 dxe4 31. g5 h5 32. Kg3 Qc1 {[%emt 0:08:04] [#] Strongly threatening ...Qg1+.} 33. Qe8+ Kg7 {[%emt 0:00:09] aiming for ...Qg1+.} 34. Qe5+ Kg8 {[%emt 0:00:22] And now ...Qg1+ would win.} 35. Qe8+ {[%emt 0:00:28] Weighted Error Value: White=0.04 (flawless) /Black=0.05 (flawless)} 1/2-1/2

[Event "CCC-IM 2022"]
[Site "Ballerup"]
[Date "2022.05.29"]
[Round "8.2"]
[White "Rostgaard, Tobias Valentin"]
[Black "Ahlander, Bjorn"]
[Result "1/2-1/2"]
[ECO "B51"]
[WhiteElo "2339"]
[BlackElo "2375"]
[Annotator "TA"]
[PlyCount "89"]
[EventDate "2022.05.25"]
[EventType "tourn"]
[EventCountry "DEN"]
[SourceTitle "playchess.com"]
[Source "ChessBase"]
[SourceQuality "1"]
[TimeControl "5400+30"]

1. e4 c5 2. Nf3 d6 3. Bb5+ Nd7 4. O-O a6 5. Bd3 Ngf6 6. Re1 {[%emt 0:00:25] B51: Sicilian: Moscow Variation (3 Bb5+) without 3...Bd7.} e5 7. a4 g6 {[%emt 0:00:47] [#]} 8. Bc4 $146 {[%emt 0:00:47] White is slightly better.} ({Predecessor:} 8. c3 Bg7 9. Bf1 O-O 10. d4 Qc7 11. Na3 b6 12. dxe5 dxe5 13. Nc4 Bb7 14. Nd6 {0-1 (40) Gezici,O (1697)-Daghan,D (2058) Kesan 2018}) 8... Bh6 {[%emt 0:04:24] Inhibits Ng5.} 9. d3 Bxc1 10. Qxc1 O-O 11. Qh6 {[%emt 0:02:09] Black must now prevent Ng5.} Ng4 12. Qd2 Kg7 13. c3 Nb6 14. Bb3 $1 Be6 15. Bxe6 fxe6 16. Qe2 Nd7 17. Nbd2 Qe7 18. b4 cxb4 19. cxb4 a5 20. bxa5 Rxa5 21. Nc4 Ra6 22. h3 Ngf6 23. Reb1 Nc5 24. a5 Nh5 25. g3 {[%emt 0:00:25] Against Nf4} Nf6 26. Rb2 Nfd7 27. Rab1 Kg8 28. Kg2 Kg7 29. h4 Kg8 30. d4 exd4 31. Nxd4 e5 32. Nb5 Nf6 33. f3 ({Better is} 33. Nbxd6 $16 {Rb5 is the strong threat.} Rxd6 34. Nxd6 Qxd6 35. Rb6) 33... d5 $11 34. exd5 Nxd5 35. Qxe5 Qf7 36. Nbd6 {[%emt 0:02:02] Active counter play!} (36. Rd2 $14 {was preferrable.} Qxf3+ 37. Kh2) 36... Qxf3+ {[%emt 0:02:32] The position is equal.} 37. Kh2 {[%emt 0:01:15] [#] aiming for Rd2. The board is on fire.} Nd3 38. Qe6+ Kh8 39. Ne5 Nxe5 40. Qxe5+ Nf6 41. Rd2 {[%emt 0:13:54] [#] Strongly threatening Rb4.} Kg8 {[%emt 0:03:27] ( -> ...Ng4+)} 42. Qe6+ Kh8 43. Qe5 Kg8 {[%emt 0:00:04] Threatens to win with ...Ng4+.} 44. Qe6+ Kh8 45. Qe5 {Weighted Error Value: White=0.08 (flawless) /Black=0.06 (flawless)} 1/2-1/2